 Dungeon Crawl Stone Soup version 0.30-a0-218-gedb9141078 (webtiles) character file.

Game seed: 1773486802738578960

23 billz999 the Sneak (level 2, -2/19 HPs)
             Began as a Vampire Earth Elementalist on Oct 6, 2022.
             Slain by a gnoll
             ... wielding a +0 flail
              (10 damage)
             ... on level 1 of the Dungeon.
             The game lasted 00:02:52 (1151 turns).

billz999 the Sneak (Vampire Earth Elementalist)     Turns: 1151, Time: 00:02:53

Health: -2/19      AC:  2    Str:  7    XL:     2   Next: 72%
Magic:  4/5        EV: 13    Int: 17    God:
Gold:   21         SH:  0    Dex: 20    Spells: 4/5 levels left

rFire   . . .      SeeInvis +    f - +0 sling
rCold   . . .      Faith    .    (no shield)
rNeg    . . .      Spirit   .    a - +0 robe
rPois   .          Reflect  .    (no helmet)
rElec   .          Harm     .    (no cloak)
rCorr   .          Rampage  .    (no gloves)
Will    .....                    (no boots)
Stlth   +++.......               (no amulet)
HPRegen 0.43/turn                e - +6 ring of dexterity
MPRegen 0.09/turn                (no ring)

@: healing quickly
A: alive, fangs 3, see invisible, vampiric 1
a: Exsanguinate


You were on level 1 of the Dungeon.
You visited 1 branch of the dungeon, and saw 1 of its levels.

You collected 21 gold pieces.

Inventory:

Hand Weapons
 f - a +0 sling (weapon)
 l - a +0 dagger
Missiles
 g - 17 stones (quivered)
Armour
 a - a +0 robe (worn)
Magical Staves
 h - a staff of death
Jewellery
 e - a +6 ring of dexterity (left hand)
Scrolls
 c - 2 scrolls of identify {unknown}
 i - a scroll of fog {unknown}
Potions
 b - a potion of magic
 d - a potion of lignification {unknown}
 j - 2 potions of ambrosia {unknown}
 k - a potion of flight {unknown}


   Skills:
 - Level 2.1 Dodging
 + Level 5.2 Stealth
 - Level 2.0 Spellcasting
 - Level 1.1 Transmutations
 - Level 3.0 Earth Magic


You had 4 spell levels left.
You knew the following spells:

 Your Spells              Type           Power      Damage    Failure   Level
a - Sandblast             Erth           22%        2d7       5%          1

Your spell library contained the following spells:

 Spells                   Type           Power      Damage    Failure   Level
 Passwall                 Tmut/Erth      6%         N/A       13%         2
 Stone Arrow              Conj/Erth      12%        3d7       30%         3
 Petrify                  Tmut/Erth      8%         N/A       63%         4


Dungeon Overview and Level Annotations

Branches:
Dungeon (1/15)

Altars:


Innate Abilities, Weirdness & Mutations

Your natural rate of healing is accelerated.
You have razor-sharp teeth.
You have supernaturally acute eyesight. (SInv)
You are afflicted with vampirism.


Message History

The endoplasm is heavily wounded.
You shoot a sling bullet. The sling bullet hits the endoplasm.
You kill the endoplasm!
There is an open door here.
k - a white potion
There is an open door here.
There is an open door here.
Found a dagger.
A rat and an endoplasm come into view.
You shoot a sling bullet. The sling bullet hits the rat.
You kill the rat!
The endoplasm quivers.
You shoot a sling bullet. The sling bullet hits the endoplasm.
The endoplasm is severely wounded.
You shoot a sling bullet.
The sling bullet barely misses the endoplasm.
You shoot a sling bullet. The sling bullet hits the endoplasm.
You kill the endoplasm!
Search for what [Enter for "stone", or ? for help]? dag
Found a ring mail.
You see here a +0 dagger.
l - a +0 dagger You see here a +0 ring mail.
A gnoll comes into view. It is wielding a +0 flail.
You shoot a sling bullet. The sling bullet hits the gnoll.
The gnoll shouts!
The gnoll is moderately wounded.
The gnoll hits you with a +0 flail!
Ouch! That really hurt!
Casting: Sandblast (safe; 5% risk of failure)
Confirm with . or Enter, or press ? or * to list all spells.
Aiming: Sandblast (safe; 5% risk of failure)
Press: ? - help, Shift-Dir - straight line, f/p - gnoll
Aim: a gnoll, wielding a +0 flail (moderately wounded, 84% to hit)
The blast of sand hits the gnoll!
The gnoll is severely wounded.
The gnoll barely misses you. The gnoll attacks as you move away!
The gnoll hits you with a +0 flail!
Ouch! That really hurt!
You die...

....#.#
#.#
....#.#
#.#
....#.#
#.#
.####.#
#.#
#####.#
#.#
...##.#
#.#.
...##.#
#.#..####
...##.#
#.#...g.#
...##.#
#.# #@#
...##.#
#.# #.#
...##.#
#.# #.#
...##.#
#.##.##.#
...##.#
#.##.##.#
...##.#
#.##.##.#
#####.#
#.##.##.#
# #.#
#.##.##.#
#####.##
#.##.##.#


You could see a gnoll.

Vanquished Creatures
  2 ball pythons (D:1)
  4 bats (D:1)
  5 endoplasms (D:1)
  A giant cockroach (D:1)
  2 goblins (D:1)
  A quokka (D:1)
  2 frilled lizards (D:1)
  3 rats (D:1)
20 creatures vanquished.

Notes
Turn   | Place    | Note
-------+----------+-------------------------------------------
     0 | D:1      | billz999 the Vampire Earth Elementalist began the quest for
                  | the Orb.
     0 | D:1      | Reached XP level 1. HP: 13/13 MP: 3/3
   409 | D:1      | Reached skill level 4 in Stealth
   507 | D:1      | Reached XP level 2. HP: 19/19 MP: 5/5
   746 | D:1      | Reached skill level 5 in Stealth
  1151 | D:1      | Slain by a gnoll

Illustrated notes

Levels and vault maps discovered:
D:1:      roderic_chinese_lattice_arrival, layout_basic

Skill      XL: |  1  2 |
---------------+-------+-----
Stealth        | 4 5 |  5.2
Dodging        | |  2.1
Spellcasting   | |  2.0
Transmutations | |  1.1
Earth Magic    | |  3.0

Action                   || total
-------------------------++-------
Melee: Unarmed           ||     6
 Fire: Sling             ||    22
 Cast: Sandblast         ||    18
Armor: Robe              ||     8
Dodge: Dodged            ||    30

Table legend: (Time is in decaauts)
 A = Elapsed time spent in this place.
 B = Non-inter-level travel time spent in this place.
 C = Inter-level travel time spent in this place.
 D = Time resting spent in this place.
 E = Time spent auto-exploring this place.
 F = Levels seen in this place.
 G = Mean time per level.
                   A        B        C        D        E       F      G
               +--------+--------+--------+--------+--------+-----+--------+
         Total |   1167 |   1018 |    149 |    134 |    734 |   1 | 1167.0 |
       Dungeon |   1167 |   1018 |    149 |    134 |    734 |   1 | 1167.0 |
               +--------+--------+--------+--------+--------+-----+--------+

Top non-repeatable levels by time:
     D:1: 1167 daAuts
